 Dungeon Crawl Stone Soup version 0.31-a0-986-g5e6e4ef867 (webtiles) character file.

Game seed: 114332732046522157

4 lunkers the Grasshopper (level 1, -6/16 HPs)
             Began as a Meteoran Wanderer on Nov 21, 2023.
             Mangled by a gnoll
             ... wielding a +0 whip
              (9 damage)
             ... on level 2 of the Dungeon.
             The game lasted 00:01:59 (231 turns).

lunkers the Grasshopper (Meteoran Wanderer)          Turns: 231, Time: 00:02:00

Health: -6/16      AC:  2    Str: 14    XL:     1   Next: 85%
Magic:  3/3        EV: 11    Int: 14    God:
Gold:   38         SH:  0    Dex: 11    Spells: 2/2 levels left

rFire   . . .        a - +0 dagger
rCold   . . .        (no shield)
rNeg    . . .        d - +0 robe
rPois   .            (no helmet)
rElec   .            (no cloak)
rCorr   .            (no gloves)
SInv    .            (no boots)
Will    .....        (no amulet)
Stlth   +            (no ring)
HPRegen 0.22/turn    (no ring)
MPRegen 0.08/turn

%: no passive effects
@: glowing
A: sense surroundings 1, otherworldly, glowing, explore regen
a: no special abilities


You were on level 2 of the Dungeon.
You visited 1 branch of the dungeon, and saw 2 of its levels.

You collected 38 gold pieces.

Inventory:

Hand Weapons
 a - a +0 dagger (weapon)
Missiles
 b - 12 poisoned darts
Armour
 d - a +0 robe (worn)
Scrolls
 f - a scroll of blinking {unknown}
 g - a scroll of torment {unknown}
 h - a scroll of identify {unknown}
Potions
 c - a potion of lignification
 e - a potion of enlightenment {unknown}


   Skills:
 - Level 1.1 Fighting
 - Level 1.2 Throwing
 * Level 1.3 Unarmed Combat
 - Level 1.3 Spellcasting
 - Level 3.6 Translocations
 - Level 2.4 Fire Magic
 - Level 2.4 Evocations


You had 2 spell levels left.
You didn't know any spells.
Your spell library contained the following spells:

 Spells                   Type           Power      Damage    Failure   Level
 Apportation              Tloc           22%        N/A       6%          1
 Blink                    Tloc           22%        N/A       9%          2
 Foxfire                  Conj/Fire      16%        2x1d4     16%         1
 Ensorcelled Hibernation  Hex/Ice        0%         N/A       36%         2
 Jinxbite                 Hex            0%         N/A       36%         2
 Ignite Poison            Fire/Tmut/Pois 3%         N/A       50%         3
 Vhi's Electric Charge    Tloc/Air       12%        N/A       77%         4
 Anguish                  Hex/Necr       0%         N/A       94%         4


Dungeon Overview and Level Annotations

Branches:
Dungeon (2/15) Zot: 968

Altars:


Innate Abilities, Weirdness & Mutations

You passively map a small area around you.
You are easily found by Zot.
You glow in the dark.
You regain HP and MP as you explore.


Message History

The endoplasm hits you.
* * * LOW HITPOINT WARNING * * *
You hit the endoplasm but do no damage.
The endoplasm is moderately wounded.
The endoplasm hits you.
* * * LOW HITPOINT WARNING * * *
You hit the endoplasm.
You kill the endoplasm!
h - a scroll labelled TOVOOKO MOZALI You now have 33 gold pieces (gained 14).
Found a stone staircase leading down.
No target in view!
There is a stone staircase leading down here.
You climb downwards.
There is a stone staircase leading up here.
Okay, then.
Found 3 stones.
You see here 3 stones.
You now have 38 gold pieces (gained 5).
A gnoll comes into view. It is wielding a +0 spear.
A gnoll is nearby!
A gnoll and a goblin come into view.
The gnoll shouts!
The goblin shouts!
You hear a shout!
You hear an angry hiss.
A gnoll comes into view. It is wielding a +0 spear.
A gnoll comes into view. It is wielding a +0 flail.
The gnoll shouts!
The gnoll hits you but does no damage.
You barely miss the gnoll.
A ball python comes into view.
The gnoll hits you with a +0 spear!
Ouch! That really hurt!
* * * LOW HITPOINT WARNING * * *
The gnoll hits you from afar with a +0 spear.
* * * LOW HITPOINT WARNING * * *
The gnoll attacks as it pursues you! The gnoll barely misses you.
The gnoll attacks as it pursues you! The gnoll barely misses you.
Unknown command.
The gnoll attacks as it pursues you! The gnoll hits you with a +0 whip!
Ouch! That really hurt!
You die...

#<..# ,
* ###.#
#(# ,
#.# ,
#.# #.#
*** #.#
* ###.#
#.@.# *
#g#####
#.....#
*
#####g#,
#.# , ,,
#.#,, ,
, * #g#
* * , ,
* #gg..#
, ,
Sg####


You could see a gnoll.

Vanquished Creatures
  An endoplasm (D:1)
  A goblin (D:1)
  A bat (D:1)
  A rat (D:1)
4 creatures vanquished.

Notes
Turn   | Place    | Note
-------+----------+-------------------------------------------
     0 | D:1      | lunkers the Meteoran Wanderer began the quest for the Orb.
     0 | D:1      | lunkers set off with the following items: a +0 dagger, 12
                  | poisoned darts, a potion of lignification, a +0 robe; and
                  | the following spells available to memorise: Apportation,
                  | Blink, Foxfire, Ignite Poison, Vhi's Electric Charge.
     0 | D:1      | Reached XP level 1. HP: 16/16 MP: 3/3
   123 | D:1      | Reached skill level 1 in Unarmed Combat
   231 | D:2      | Mangled by a gnoll

Illustrated notes

Levels and vault maps discovered:
D:1:      onia_arrival_pyramid, layout_loops_ring
D:2:      layout_basic, minmay_misc_feat_rugged

Skill      XL: |  1 |
---------------+----+-----
Unarmed Combat | 1 |  1.3
Fighting       | |  1.1
Throwing       | |  1.2
Spellcasting   | |  1.3
Translocations | |  3.6
Fire Magic     | |  2.4
Evocations     | |  2.4

Action                     || total
---------------------------++-------
  Melee: Dagger            ||    24
 Armour: Robe              ||    24
  Dodge: Dodged            ||    17

Table legend: (Time is in decaauts)
 A = Elapsed time spent in this place.
 B = Non-inter-level travel time spent in this place.
 C = Inter-level travel time spent in this place.
 D = Time resting spent in this place.
 E = Time spent auto-exploring this place.
 F = Levels seen in this place.
 G = Mean time per level.
                   A        B        C        D        E       F      G
               +--------+--------+--------+--------+--------+-----+--------+
         Total |    230 |    230 |      0 |      0 |    171 |   2 |  115.0 |
       Dungeon |    230 |    230 |      0 |      0 |    171 |   2 |  115.0 |
               +--------+--------+--------+--------+--------+-----+--------+

Top non-repeatable levels by time:
     D:1: 200 daAuts
     D:2: 30 daAuts
